 Dungeon Crawl Stone Soup version 0.31-a0-145-g046c7d2549 (webtiles) character file.

Game seed: 3000374411989005109

153 qw the Shooter (level 5, -2/46 HPs)
             Began as a Minotaur Hunter on June 7, 2023.
             Slain by a gnoll
             ... wielding a +0 halberd
              (4 damage)
             ... on level 3 of the Dungeon.
             The game lasted 00:00:56 (1979 turns).

qw the Shooter (Minotaur Hunter)                    Turns: 1979, Time: 00:00:56

Health: -2/46      AC:  6    Str: 15    XL:     5   Next: 12%
Magic:  4/4        EV: 11    Int:  6    God:
Gold:   147        SH:  0    Dex: 16    Spells: 4/4 levels left

rFire   . . .        Y - +0 shortbow
rCold   . . .        (shield currently unavailable)
rNeg    . . .        j - +0 ring mail
rPois   +            (helmet restricted)
rElec   .            i - +0 cloak
rCorr   .            (no gloves)
SInv    .            (no boots)
Will    .....        (no amulet)
Stlth   +            a - ring of poison resistance
HPRegen 0.27/turn    (no ring)
MPRegen 0.09/turn

%: no passive effects
@: no status effects
A: horns 2, retaliatory headbutt
a: no special abilities


You were on level 3 of the Dungeon.
You visited 1 branch of the dungeon, and saw 3 of its levels.

You collected 147 gold pieces.


Innate Abilities, Weirdness & Mutations

You have a pair of horns on your head.
You reflexively headbutt those who attack you in melee.


   Skills:
 - Level 4.0 Fighting
 + Level 6.2 Ranged Weapons
 - Level 1.2 Armour
 - Level 2.1 Dodging
 - Level 0.7 Stealth


You had 4 spell levels left.
You didn't know any spells.
Your spell library was empty.

Inventory:

Hand Weapons
 Y - a +0 shortbow (weapon)
Armour
 i - a +0 cloak (worn)
 j - a +0 ring mail (worn)
Jewellery
 a - a ring of poison resistance (left hand)
Scrolls
 c - a scroll of blinking {unknown}
 e - 3 scrolls of identify
Potions
 b - a potion of curing {unknown}
 d - a potion of brilliance {unknown}
 h - a potion of cancellation {unknown}

Dungeon Overview and Level Annotations

Branches:
Dungeon (3/15)

Altars:
Cheibriados
Gozag


Message History

Enter note:
Enter note:
Enter note: You shoot an arrow.
The arrow hits the hound but does no damage.
The hound barely misses you. The hound bites you. The gnoll barely misses you.
You shoot an arrow. The arrow hits the hound.
The hound is lightly wounded.
The hound barely misses you. The gnoll barely misses you.
You shoot an arrow.
The arrow hits the hound but does no damage.
The hound is lightly wounded.
The hound completely misses you. The hound bites you but does no damage.
The gnoll completely misses you.
You shoot an arrow. The arrow hits the hound!
The hound is severely wounded.
The hound bites you but does no damage.
The gnoll hits you from afar with a +0 halberd!
The hound bites you.
You shoot an arrow. The arrow hits the hound.
The hound is severely wounded.
The hound bites you but does no damage. The gnoll barely misses you.
The hound misses you.
You shoot an arrow. The arrow hits the hound.
You kill the hound!
The gnoll hits you from afar with a +0 halberd!
The hound bites you but does no damage. The gnoll barely misses you.
You have reached level 5!
You shoot an arrow. The arrow hits the hound!
The hound is heavily wounded.
The hound bites you.
The gnoll hits you from afar with a +0 halberd.
You shoot an arrow. The arrow hits the hound!
The hound is almost dead.
The hound bites you. The hound bites you but does no damage.
The gnoll misses you.
You shoot an arrow. The arrow barely misses the hound.
The hound completely misses you.
The gnoll hits you from afar with a +0 halberd.
You die...

#.....#######.#...#
#.........##.......
#.....#............
#.....####.........
#.....####.........
#........#.....>...
###........#.........
#..........#.........
#..P@P..####.........
####h#### ##........
+.g ##.....#. #...
######## +...# #####


You could see a hound and a gnoll.

Vanquished Creatures
  A hound (D:3)
  3 adders
  3 worms (D:2)
  4 dart slugs
  6 bats
  7 endoplasms
  2 giant cockroaches (D:1)
  5 goblins
  9 hobgoblins
  7 jackals
  7 kobolds
  4 quokkas
  7 ball pythons
  2 frilled lizards
  7 rats
74 creatures vanquished.

Notes
Turn   | Place    | Note
-------+----------+-------------------------------------------
     0 | D:1      | qw the Minotaur Hunter began the quest for the Orb.
     0 | D:1      | Reached XP level 1. HP: 18/18 MP: 0/0
     0 | D:1      | 0 ||| qw: Version: 0.2-a-117-gc6b5c8b
     0 | D:1      | 0 ||| qw: Game counter: 2417
     0 | D:1      | 0 ||| qw: Always use a shield: true
     0 | D:1      | 0 ||| qw: God list: Okawaru
     0 | D:1      | 0 ||| qw: Allow faded altars: false
     0 | D:1      | 0 ||| qw: Do Orc after D:15 true
     0 | D:1      | 0 ||| qw: Do second Lair branch before Depths: true
     0 | D:1      | 0 ||| qw: Lair rune preference: random
     0 | D:1      | 0 ||| qw: Plans: Normal
     0 | D:1      | 0 ||| PLANNING D:1-11
   167 | D:1      | Reached XP level 2. HP: 25/25 MP: 1/1
   255 | D:1      | Reached skill level 5 in Ranged Weapons
   324 | D:1      | Reached skill level 3 in Fighting
   367 | D:1      | HP: 6/26 [frilled lizard (1)]
   370 | D:1      | Reached XP level 3. HP: 8/31 MP: 2/2
   838 | D:1      | 838 ||| UPGRADING to +0 cloak.
   843 | D:1      | 843 ||| READING scroll labelled FEMANNAAXE.
   844 | D:1      | 844 ||| READING scroll labelled VIARHIKHLEQ.
   845 | D:1      | 845 ||| READING scroll labelled ACRANOXT IHIKE.
   846 | D:1      | 846 ||| READING scroll labelled FEPASEY UDOMO.
   847 | D:1      | 847 ||| DROPPING scroll of butterflies.
  1118 | D:2      | Reached XP level 4. HP: 38/38 MP: 3/3
  1123 | D:2      | 1123 ||| FLEEEEING.
  1124 | D:2      | 1124 ||| FLEEEEING.
  1125 | D:2      | 1125 ||| FLEEEEING.
  1126 | D:2      | 1126 ||| FLEEEEING.
  1130 | D:2      | Reached skill level 6 in Ranged Weapons
  1340 | D:2      | Reached skill level 1 in Armour
  1683 | D:2      | 1683 ||| UPGRADING to +0 ring mail.
  1693 | D:2      | 1693 ||| DROPPING +0 leather armour.
  1694 | D:2      | 1694 ||| UPGRADING to ring of poison resistance.
  1695 | D:2      | 1695 ||| DROPPING ring of magical power.
  1696 | D:2      | 1696 ||| READING 2 scrolls labelled GAHUYP CASKOCS.
  1697 | D:2      | 1697 ||| READING scroll labelled ACUTUPH DUIST.
  1901 | D:3      | Found a snail-covered altar of Cheibriados.
  1901 | D:3      | Found an opulent altar of Gozag.
  1977 | D:3      | Reached XP level 5. HP: 12/46 MP: 4/4
  1977 | D:3      | HP: 11/46 [hound (2)]
  1978 | D:3      | HP: 2/46 [hound (4)]
  1979 | D:3      | Slain by a gnoll

Levels and vault maps discovered:
D:1:      lemuel_arrival_behind_the_door_large, layout_basic,
          minmay_tree_intersection
D:2:      layout_loops_ring, serial_bayou_crossing
D:3:      layout_rooms, nicolae_overflow_two_pavilions, kennysheep_minor_cross,
          cheibrodos_gnoll_hut, uniq_crazy_yiuf_cottage, uniq_natasha,
          uniq_robin

Skill      XL: |  1  2  3  4 |
---------------+-------------+-----
Ranged Weapons | 5 6 |  6.2
Fighting       | 3 4 |  4.0
Armour         | 1 |  1.2
Dodging        | |  2.1
Stealth        | |  0.7

Action                     |  1- 3 |  4- 6 || total
---------------------------+-------+-------++-------
   Fire: Shortbow          |   161 |    84 ||   245
    Use: Scroll            |     4 |     2 ||     6
 Armour: Leather armour    |    23 |     2 ||    25
         Ring mail         |       |     8 ||     8
  Dodge: Dodged            |    66 |    35 ||   101

Table legend:
 A = Non-vault XP
 B = Vault XP
 C = Vault XP percentage of total XP
 D = Non-vault monster count
 E = Vault monster count
 F = Vault count percentage of total count
                 A         B        C        D         E       F
            +---------+---------+-------+---------+---------+-------
      Total |     177 |      42 |  19.2 |      73 |       1 |   1.4
            +---------+---------+-------+---------+---------+-------
        D:1 |      64 |       0 |   0.0 |      37 |       0 |   0.0
        D:2 |      83 |       0 |   0.0 |      27 |       0 |   0.0
        D:3 |      30 |      42 |  58.3 |       9 |       1 |  10.0
            +---------+---------+-------+---------+---------+-------
